 Dungeon Crawl Stone Soup version 0.31-a0-152-g6aa68a64a1 (webtiles) character file.

Game seed: 12672602068803509253

164 qw the Shooter (level 5, -2/49 HPs)
             Began as a Naga Hunter on June 10, 2023.
             Slain by a gnoll bouda
             ... wielding a +0 club
              (7 damage)
             ... on level 3 of the Dungeon.
             The game lasted 00:00:41 (1778 turns).

qw the Shooter (Naga Hunter)                        Turns: 1778, Time: 00:00:41

Health: -2/49      AC:  4    Str: 18 (20) XL:     5   Next: 45%
Magic:  5/5        EV:  9    Int:  8 (9)  God:
Gold:   140        SH:  0    Dex: 16      Spells: 4/4 levels left

rFire   . . .        Y - +0 shortbow
rCold   . . .        (shield currently unavailable)
rNeg    . . .        c - +0 leather armour
rPois   +            b - +0 helmet
rElec   .            (no cloak)
rCorr   +            (no gloves)
SInv    +            (no barding)
Will    .....        l - amulet of faith
Stlth   ++           h - ring of resist corrosion
HPRegen 0.28/turn    i - +6 ring of strength
MPRegen 0.09/turn

%: faith
@: short of breath, very slow
A: AC +1, large, see invisible, deformed body, poison resistance, slowness 2,
spit poison 1, naga tail 1
a: Spit Poison


You were on level 3 of the Dungeon.
You visited 1 branch of the dungeon, and saw 3 of its levels.

You collected 140 gold pieces.


Innate Abilities, Weirdness & Mutations

Your serpentine skin is tough. (AC +1)
You have supernaturally acute eyesight. (SInv)
Armour fits poorly on your strangely shaped body.
Your system is resistant to poisons. (rPois)
You cover ground very slowly.
You can spit poison.
You have a snake-like lower body.


   Skills:
 - Level 3.2 Fighting
 + Level 5.4 Ranged Weapons
 - Level 1.5 Dodging
 - Level 1.5 Stealth


You had 4 spell levels left.
You didn't know any spells.
Your spell library was empty.

Inventory:

Hand Weapons
 Y - a +0 shortbow (weapon)
Armour
 b - a +0 helmet (worn)
 c - a +0 leather armour (worn)
 g - a +0 leather armour of positive energy
Jewellery
 h - a ring of resist corrosion (left hand)
 i - a +6 ring of strength (right hand)
 l - an amulet of faith (around neck)
Scrolls
 a - 3 scrolls of identify
Potions
 d - a potion of resistance
 e - a potion of curing
 f - a potion of mutation {unknown}

Dungeon Overview and Level Annotations

Branches:
Dungeon (3/15)

Altars:
Gozag


Message History

The gnoll barely misses you.
The gnoll hits you from afar with a +0 spear!
The gnoll bouda barks out a call to the hunt!
The gnolls pick up the pace!
You shoot an arrow. The arrow hits the gnoll.
The gnoll is severely wounded.
A rat comes into view.
The gnoll hits you but does no damage.
The gnoll hits you from afar with a +0 spear.
You shoot an arrow. The arrow hits the gnoll.
You kill the gnoll!
You have got your breath back.
The gnoll hits you but does no damage.
An adder comes into view.
The gnoll barely misses you. The kobold barely misses you.
1774 ||| INVOKING Spit Poison.
Aiming: Spit Poison (1% risk of failure)
Press: ? - help, Shift-Dir - straight line, f - kobold The splash of poison hits the kobold.
The kobold is poisoned.
You kill the kobold!
The adder hisses angrily.
The gnoll misses you.
You shoot an arrow. The arrow hits the kobold!
You kill the kobold!
The gnoll hits you from afar with a +0 spear.
You shoot an arrow.
The arrow closely misses the gnoll bouda.
The arrow hits the gnoll.
The gnoll is moderately wounded.
The gnoll bouda hits you with a +0 club.
The gnoll hits you from afar with a +0 spear.
You shoot an arrow.
The arrow closely misses the gnoll bouda.
The arrow hits the gnoll but does no damage.
The gnoll is moderately wounded.
The gnoll hits you from afar with a +0 spear.
You shoot an arrow.
The arrow hits the gnoll bouda but does no damage.
The gnoll bouda hits you with a +0 club!
You die...

####.###...##.....)#
#.....##...##......#####
#......#...######.......
#.......#.## #.......
#.....#.#.# #......)
#######.#.# #.....(.
.#######.#.# #.......
......Sr...# ###.......
.#######@..# #.........
......g##.# #.))).....
.....gg ..# #.).######
....... #.# #...#
....... #.# #...#
....... .# #...# .......
. #...### ....... #.
#.....# #.###....#


You could see a gnoll bouda, 2 gnolls, an adder and a rat.

Vanquished Creatures
  An orc wizard (D:3)
  4 gnolls
  4 adders
  2 worms
  A dart slug (D:3)
  4 orcs (D:3)
  5 ball pythons
  2 endoplasms
  2 giant cockroaches (D:1)
  6 goblins
  4 jackals (D:2)
  7 kobolds
  A quokka (D:2)
  7 bats
  4 frilled lizards
  2 rats (D:2)
56 creatures vanquished.

Notes
Turn   | Place    | Note
-------+----------+-------------------------------------------
     0 | D:1      | qw the Naga Hunter began the quest for the Orb.
     0 | D:1      | Reached XP level 1. HP: 19/19 MP: 1/1
     0 | D:1      | 0 ||| qw: Version: 0.2-a-29-g0080da8
     0 | D:1      | 0 ||| qw: Game counter: 3854
     0 | D:1      | 0 ||| qw: Always use a shield: true
     0 | D:1      | 0 ||| qw: God list: Okawaru
     0 | D:1      | 0 ||| qw: Allow faded altars: false
     0 | D:1      | 0 ||| qw: Do Orc after D:15 true
     0 | D:1      | 0 ||| qw: Do second Lair branch before Depths: true
     0 | D:1      | 0 ||| qw: Lair rune preference: random
     0 | D:1      | 0 ||| qw: Plans: Normal
     0 | D:1      | 0 ||| PLANNING D:1-11
    63 | D:1      | 63 ||| INVOKING Spit Poison.
    69 | D:1      | 69 ||| INVOKING Spit Poison.
    72 | D:1      | 72 ||| INVOKING Spit Poison.
    76 | D:1      | Reached skill level 4 in Ranged Weapons
    76 | D:1      | Reached XP level 2. HP: 21/26 MP: 2/2
   139 | D:1      | 139 ||| INVOKING Spit Poison.
   246 | D:1      | 246 ||| INVOKING Spit Poison.
   249 | D:1      | 249 ||| INVOKING Spit Poison.
   278 | D:1      | 278 ||| INVOKING Spit Poison.
   318 | D:1      | 318 ||| INVOKING Spit Poison.
   319 | D:1      | Reached XP level 3. HP: 32/32 MP: 3/3
   397 | D:1      | 397 ||| INVOKING Spit Poison.
   689 | D:1      | 689 ||| UPGRADING to amulet of faith.
   694 | D:1      | 694 ||| UPGRADING to ring of resist corrosion.
   695 | D:1      | 695 ||| UPGRADING to +6 ring of strength.
   696 | D:1      | 696 ||| READING 4 scrolls labelled PYPSO WUESHROPT.
   697 | D:1      | 697 ||| READING scroll labelled IBEMUM PEMUISA.
   698 | D:1      | 698 ||| DRINKING 2 purple potions.
   699 | D:1      | 699 ||| READING 3 scrolls of identify.
   699 | D:1      | 699 ||| IDENTIFYING bubbling orange potion
   700 | D:1      | 700 ||| READING 2 scrolls of identify.
   700 | D:1      | 700 ||| IDENTIFYING lumpy yellow potion
   701 | D:1      | 701 ||| DROPPING scroll of butterflies.
   734 | D:2      | 734 ||| INVOKING Spit Poison.
   771 | D:2      | 771 ||| INVOKING Spit Poison.
   779 | D:2      | 779 ||| INVOKING Spit Poison.
   785 | D:2      | 785 ||| INVOKING Spit Poison.
   823 | D:2      | 823 ||| INVOKING Spit Poison.
   838 | D:2      | 838 ||| INVOKING Spit Poison.
   842 | D:2      | 842 ||| INVOKING Spit Poison.
   858 | D:2      | 858 ||| INVOKING Spit Poison.
   938 | D:2      | 938 ||| INVOKING Spit Poison.
   939 | D:2      | Reached skill level 5 in Ranged Weapons
  1046 | D:2      | 1046 ||| INVOKING Spit Poison.
  1048 | D:2      | Reached XP level 4. HP: 39/39 MP: 4/4
  1076 | D:2      | 1076 ||| INVOKING Spit Poison.
  1108 | D:2      | 1108 ||| INVOKING Spit Poison.
  1128 | D:2      | Found an opulent altar of Gozag.
  1185 | D:2      | 1185 ||| INVOKING Spit Poison.
  1188 | D:2      | 1188 ||| INVOKING Spit Poison.
  1195 | D:2      | 1195 ||| INVOKING Spit Poison.
  1252 | D:2      | 1252 ||| INVOKING Spit Poison.
  1253 | D:2      | 1253 ||| INVOKING Spit Poison.
  1259 | D:2      | 1259 ||| INVOKING Spit Poison.
  1343 | D:2      | 1343 ||| INVOKING Spit Poison.
  1420 | D:2      | 1420 ||| UPGRADING to +0 helmet.
  1425 | D:2      | 1425 ||| READING scroll labelled SIROISIDEL.
  1426 | D:2      | 1426 ||| DRINKING 2 fizzy golden potions.
  1427 | D:2      | 1427 ||| DROPPING potion of degeneration.
  1481 | D:3      | 1481 ||| INVOKING Spit Poison.
  1487 | D:3      | 1487 ||| INVOKING Spit Poison.
  1492 | D:3      | 1492 ||| DRINKING 2 potions of curing.
  1492 | D:3      | 1492 ||| (to cure confusion)
  1492 | D:3      | HP: 9/40 [orc/+0 morningstar (6)]
  1493 | D:3      | 1493 ||| DRINKING potion of heal wounds.
  1494 | D:3      | 1494 ||| INVOKING Spit Poison.
  1495 | D:3      | Reached skill level 3 in Fighting
  1498 | D:3      | 1498 ||| INVOKING Spit Poison.
  1500 | D:3      | Reached XP level 5. HP: 19/49 MP: 5/5
  1613 | D:3      | 1613 ||| INVOKING Spit Poison.
  1619 | D:3      | 1619 ||| INVOKING Spit Poison.
  1694 | D:3      | 1694 ||| INVOKING Spit Poison.
  1702 | D:3      | 1702 ||| INVOKING Spit Poison.
  1716 | D:3      | 1716 ||| INVOKING Spit Poison.
  1763 | D:3      | 1763 ||| Stepping ~*~*~tactically~*~*~ (outnumbered).
  1765 | D:3      | 1765 ||| INVOKING Spit Poison.
  1770 | D:3      | 1770 ||| INVOKING Spit Poison.
  1772 | D:3      | HP: 12/49 [gnoll/+0 spear[a gnoll bouda] (3)]
  1774 | D:3      | 1774 ||| INVOKING Spit Poison.
  1776 | D:3      | HP: 5/49 [gnoll/+0 spear[a gnoll bouda] (3)]
  1778 | D:3      | Slain by a gnoll bouda

Levels and vault maps discovered:
D:1:      sevenhm_arrival_forest_fort_large_2, layout_loops_ring
D:2:      layout_basic, basic_altar, minmay_quantized
D:3:      layout_basic

Skill      XL: |  1  2  3  4 |
---------------+-------------+-----
Ranged Weapons | 4 5 |  5.4
Fighting       | 3 |  3.2
Dodging        | |  1.5
Stealth        | |  1.5

Action                     |  1- 3 |  4- 6 || total
---------------------------+-------+-------++-------
   Fire: Shortbow          |    42 |    61 ||   103
Ability: Spit Poison       |    19 |    20 ||    39
    Use: Scroll            |     4 |     1 ||     5
         Potion            |     1 |     3 ||     4
 Armour: Leather armour    |     3 |    13 ||    16
  Dodge: Dodged            |     4 |    30 ||    34

Table legend:
 A = Non-vault XP
 B = Vault XP
 C = Vault XP percentage of total XP
 D = Non-vault monster count
 E = Vault monster count
 F = Vault count percentage of total count
                 A         B        C        D         E       F
            +---------+---------+-------+---------+---------+-------
      Total |     217 |      18 |   7.7 |      52 |       4 |   7.1
            +---------+---------+-------+---------+---------+-------
        D:1 |      40 |       0 |   0.0 |      16 |       0 |   0.0
        D:2 |      57 |      18 |  24.0 |      19 |       4 |  17.4
        D:3 |     120 |       0 |   0.0 |      17 |       0 |   0.0
            +---------+---------+-------+---------+---------+-------
